nyob, chaotic female human Rogue --- --- ----- ----.-- --.-- ..|.-- ---- ---.....| --- |...--- |...| |..-- |......-- --.-- --....-- |..-- --...|---......-- |...| |.>...| |.------....--.......%.| ---...| ------..|.-- |.| |..................-- |.....| ---......---- |.---......)............--------...-----.......-| --..|.......|............@)).))oooo..............| --..---.....---........------..----..----........-- |%...).^%........--....| --...-- -------.......-- --..---.------------%--- --.....----- |.........| ---|..<| |...| --..........| |......---- |...-- ---.--- --..........-- ---....| ---..| --...| |..........-- ---..---- ---%.--- |....| |...---....-- |...|.--- |......----....| ----- --....| --......-- |.......||....-- --....-- |.......-- |.......---...------------......| --.--....| ---.|..........................-- -----..-- ------------------------------ ---- nyob the Rogue Experience level: 8 Strength: 16 Dexterity: 18 Constitution: 14 Intelligence: 10 Wisdom: 8 Charisma: 11 Health: 22(52) Energy: 32(32) Def: 0 Gold: 1 Moves: 4820 Dungeon seed: Zak_twmg4vQq84Y9 Game ID: nyob_1520889694 Your Inventory: Coins $ - a gold piece Weapons a - a greased +0 short sword b - 3 +0 daggers (in quiver) I - 15 +0 daggers R - a +1 dagger X - 4 cursed -3 daggers Armor q - an uncursed +0 elven mithril-coat r - an uncursed +0 dwarvish iron helm y - an uncursed +0 pair of iron shoes Comestibles S - an uncursed tripe ration T - an uncursed slime mold Scrolls o - 3 uncursed scrolls of blank paper Rings j - an uncursed ring of searching V - an uncursed ring of searching Z - an uncursed ring of sustain ability Wands g - a wand of striking (0:1) i - a wand of teleportation named teleportation (0:3) l - a wand of cancellation (0:4) s - a wand of digging (0:3) w - a wand of slow monster (0:6) Tools d - an uncursed lock pick f - an uncursed sack h - an uncursed towel k - a can of grease (0:10) t - an uncursed wax candle (0:400) u - 23 uncursed tallow candles (0:200) A - a magic marker (0:67) B - an uncursed skeleton key Gems e - an uncursed chrysoberyl stone n - 2 uncursed worthless pieces of violet glass z - 4 uncursed worthless pieces of yellowish brown glass E - 2 uncursed worthless pieces of green glass J - an uncursed worthless piece of yellow glass N - an uncursed jet stone Q - 2 uncursed worthless pieces of orange glass Y - an uncursed worthless piece of white glass Contents of the sack: 726 gold pieces Spells and supernatural/magical abilities: Name Level Category Fail Memory W - pray for help -- divine ? -- Your skills at the end: Fighting Skills Weapon Skills dagger [Skilled] short sword [Basic] Spellcasting Skills Final Attributes: You were piously aligned. You were stealthy. You were lucky. You are dead. Vanquished creatures: 2 large mimics a small mimic a dwarf king 3 winter wolf cubs a lynx 2 spotted jellies a leprechaun an orc-captain 3 giant spiders 2 gnome kings a dog a dingo 2 jaguars a snake 4 apes 2 ponies 7 gnome lords 6 gnomish wizards a golden naga hatchling a guardian naga hatchling a barrow wight a paper golem 4 giant ants a little dog a floating eye 2 kittens 10 dwarves 2 kobold shamans a rothe a centipede a dwarf zombie an iguana a coyote a gas spore 3 hobbits a large kobold 4 cave spiders a brown mold a yellow mold a green mold 37 gnomes a gnome zombie 2 geckos 6 jackals a fox 3 goblins a sewer rat 3 grid bugs 3 lichens a kobold zombie 11 newts 151 creatures vanquished. Voluntary challenges: You used a wielded weapon 8 times, starting on turn 341. You read items or engraved 6 times, starting on turn 2415. You never genocided any monsters. You never polymorphed an object. You never changed form. You used no wishes. You never split a pudding. You never wrote Elbereth's name. You never violated your personal moral code. Dungeon overview: The Dungeons of Doom: levels 1 to 4 Level 1 a long staircase Level 2 an altar to Kos, a fountain Level 3 Level 4 some fountains stairs to The Gnomish Mines The Gnomish Mines: levels 5 to 9 Level 5 stairs to The Dungeons of Doom Level 6 Level 7 Level 8 many shops, a temple to Kos, some fountains Level 9 <- You were here History has recorded: On T:1 you entered the Dungeons of Doom to retrieve the Amulet of Yendor! On T:338 you reached level 2 of The Dungeons of Doom. On T:580 you advanced to experience level 2. On T:892 you reached level 3 of The Dungeons of Doom. On T:945 you advanced to experience level 3. On T:1183 you reached level 4 of The Dungeons of Doom. On T:1568 you reached level 1 of The Gnomish Mines. On T:1580 you advanced to experience level 4. On T:1720 you advanced to experience level 5. On T:2186 you advanced to experience level 6. On T:2727 you reached level 3 of The Gnomish Mines. On T:2943 you advanced to experience level 7. On T:3394 you reached level 4 of The Gnomish Mines. On T:3934 you advanced to experience level 8. On T:4456 you reached level 5 of The Gnomish Mines. Score breakdown: Gold: 727 ( 9735 points) Experience: 8 levels (14739 points) Exploration: 9 levels ( 18.75%) (12377 points) Discoveries: 11 items ( 3.69%) ( 5763 points) Valuables value: (no points given unless you survive) Artifact value: 0 ( 0 points) Variety of kills: 51 monsters ( 13.39%) (10975 points) Turncount: 4820 turns (-1300 points) Survival: died (score multiplied by 80%) Total score: 41831 Latest messages: The dagger hits the Uruk-hai. The Uruk-hai shoots a poisoned crude arrow! The poisoned crude arrow hits the Uruk-hai. The dagger hits the Uruk-hai. The Uruk-hai shoots 2 poisoned crude arrows! The 1st poisoned crude arrow hits the Uruk-hai. The 2nd poisoned crude arrow hits the Uruk-hai. The dagger hits the Uruk-hai. The dagger hits the Uruk-hai. The Uruk-hai wields a crude bow! The Uruk-hai shoots 2 poisoned crude arrows! The 1st poisoned crude arrow hits the Uruk-hai! The 2nd poisoned crude arrow misses the Uruk-hai. You are hit by the 2nd poisoned crude arrow. The poison was deadly... Final status: Goodbye nyob the Rogue, poisoned by an orcish arrow... You were poisoned in The Gnomish Mines on dungeon level 9 with 41831 points, and 727 pieces of gold, after 4820 moves. You were level 8 with a maximum of 52 hit points when you were poisoned.